 Dungeon Crawl Stone Soup version 0.21-a0-442-g848f44b (webtiles) character file.

8 vishdafish the Charmwright (level 2, 4/22 HPs)
             Began as a Demonspawn Skald on Nov 12, 2017.
             Quit the game on level 1 of the Dungeon.
             The game lasted 00:00:48 (238 turns).

vishdafish the Charmwright (Demonspawn Skald)        Turns: 238, Time: 00:00:49

Health: 4/22       AC:  3    Str: 11    XL:     2   Next: 0%
Magic:  0/5        EV: 12    Int: 14    God:
Gold:   0          SH:  0    Dex: 14    Spells: 4/5 levels left

rFire    . . .     SeeInvis .   a - +0 hand axe
rCold    . . .     Gourm    .   (no shield)
rNeg     . . .     Faith    .   b - +0 leather armour
rPois    .         Spirit   .   (no helmet)
rElec    .         Reflect  .   (no cloak)
rCorr    .         Harm     .   (no gloves)
MR       .....                  (no boots)
Stlth    ++........             (no amulet)
HPRegen  0.07/turn              (no ring)
MPRegen  0.09/turn              (no ring)

@: infused
A: thin skeletal structure 1
a: no special abilities


You were on level 1 of the Dungeon.
You were not hungry.

You visited 1 branch of the dungeon, and saw 1 of its levels.

Inventory:

Hand Weapons
 a - a +0 hand axe (weapon)
Armour
 b - a +0 leather armour (worn)
Books
 c - a book of Battle

   Spells                             Type                      Level
   a - Infusion                       Charms                       1
   b - Shroud of Golubria             Charms/Translocation         2
   c - Song of Slaying                Charms                       2
   d - Spectral Weapon                Hexes/Charms                 3
   e - Regeneration                   Charms/Necromancy            3
Comestibles
 d - a bread ration
 f - a royal jelly


   Skills:
 - Level 2.0 Fighting
 * Level 2.0 Axes
 + Level 1.0 Armour
 + Level 1.9 Dodging
 - Level 2.0 Spellcasting
 * Level 2.9 Charms


You had 4 spell levels left.
You knew the following spells:

 Your Spells              Type           Power        Failure   Level  Hunger
a - Infusion              Chrm           #...         10%         1    ##.....


Dungeon Overview and Level Annotations

Branches:
Dungeon (1/15)

Altars:


Innate Abilities, Weirdness & Mutations

You have a somewhat thin skeletal structure. (Dex +2, Stealth)


Message History

The jackal is severely wounded.
The jackal bites you but does no damage.
The jackal closely misses you.
You hit the jackal.
You kill the jackal!
Your Axes skill increases to level 2!
You hit the hobgoblin but do no damage.
The hobgoblin is lightly wounded.
You hit the hobgoblin.
You kill the hobgoblin!
You have reached level 2!
Your demonic ancestry asserts itself...
Your bones become slightly less dense.
You hit the goblin but do no damage. The goblin barely misses you.
You barely miss the goblin. The goblin hits you.
* * * LOW HITPOINT WARNING * * *
The goblin barely misses you.
Quiver which item? (- for none, * to show all) (? for menu, Esc to quit)
Okay, then.
Are you sure you want to abandon this character and quit the game? (Confirm with "yes".)

....................#
.........##########.#
.......#............#
.....(..#.<..........#
........#..#######...#
........#..##...##...#
........#..#.###K'...#
...........#.#⌠#g#...#
...####....#.##'@#...#
....###....##...##...##########
...........##+####.............
#.#.###..............#.########
...†..#.............>.........
........######.#...###.#######
...†....######................
........................######
..............................


You could see a goblin and a kobold.

Vanquished Creatures
  A hobgoblin (D:1)
  2 jackals (D:1)
  A kobold (D:1)
  4 bats (D:1)
8 creatures vanquished.

Notes
Turn   | Place    | Note
-------+----------+-------------------------------------------
     0 | D:1      | vishdafish the Demonspawn Skald began the quest for the Orb.
     0 | D:1      | Reached XP level 1. HP: 16/16 MP: 3/3
   230 | D:1      | Reached skill level 1 in Armour
   236 | D:1      | Gained mutation: You have a somewhat thin skeletal structure. (Dex +2, Stealth) [demonic ancestry]
   236 | D:1      | Reached XP level 2. HP: 6/22 MP: 0/5
   238 | D:1      | Quit the game

Vault maps used:
D:1:      minmay_arrival_stone_box

Skill      XL: |  1 |
---------------+----+-----
Armour         | 1 |  1.0
Axes           | 2 |  2.0
Fighting       | |  2.0
Dodging        | |  1.9
Spellcasting   | |  2.0
Charms         | |  2.9

Action                   || total
-------------------------++-------
Melee: Hand axe          ||    20
 Cast: Infusion          ||     1
Armor: Leather armour    ||    14
Dodge: Dodged            ||    36

Table legend:
 A = Spawn XP
 B = Non-spawn XP
 C = Spawn XP percentage of total XP
 D = Spawn monster count
 E = Non-spawn monster count
 F = Spawn count percentage of total count
 G = Total turns spent on level
                    A         B        C        D         E        F      G
               +---------+---------+-------+---------+---------+-------+---------
         Total |       0 |      12 |   0.0 |       0 |       8 |   0.0 |   238
               +---------+---------+-------+---------+---------+-------+---------
           D:1 |       0 |      12 |   0.0 |       0 |       8 |   0.0 |   238
               +---------+---------+-------+---------+---------+-------+---------
